 Dungeon Crawl Stone Soup version 0.19-a0-1886-gd64a0f0 (webtiles) character file.

4664 poirepourri the Cleaver (level 10, -4/91 HPs)
             Began as a Minotaur Fighter on Oct 15, 2016.
             Slain by an ogre
             ... wielding a +0 giant club
              (24 damage)
             ... on level 5 of the Dungeon.
             The game lasted 00:08:26 (7284 turns).

poirepourri the Cleaver (Minotaur Fighter)          Turns: 7284, Time: 00:08:27

Health: -4/91      AC:  6    Str: 27    XL:     10   Next: 20%
Magic:  9/9        EV: 10    Int:  5    God:
Gold:   346        SH: 10    Dex: 11    Spells: 0 memorised, 9 levels left

rFire  . . .     SeeInvis .     a - +1 war axe
rCold  . . .     Gourm    .     b - +0 scale mail
rNeg   . . .     Faith    .     c - +0 shield
rPois  .         Spirit   .     (helmet restricted)
rElec  .         Dismiss  .     (no cloak)
rCorr  .         Reflect  .     (no gloves)
MR     .....     Harm     .     (no boots)
Stlth  ..........               (no amulet)
                                y - +2 ring of slaying
                                w - +4 ring of strength

@: no status effects
A: retaliatory headbutt, horns 2
a: no special abilities


You were on level 5 of the Dungeon.
You were not hungry.

You visited 1 branch of the dungeon, and saw 8 of its levels.
You also visited: Sewer.

You collected 346 gold pieces.

Inventory:

Hand Weapons
 a - a +1 war axe (weapon)
Missiles
 u - 17 bolts
Armour
 b - a +0 scale mail (worn)
 c - a +0 shield (worn)
Jewellery
 g - a +6 ring of intelligence
 o - an uncursed ring of fire
 w - a +4 ring of strength (left hand)
 y - a +2 ring of slaying (right hand)
Wands
 q - a wand of flame (34/48)
 t - a wand of enslavement (9/24)
 x - a wand of digging (14/24)
 A - a wand of lightning (5/15)
 I - a wand of flame (23/48)
Scrolls
 k - 4 scrolls of magic mapping
 n - 3 scrolls of identify
 p - 5 scrolls of teleportation
 r - 6 scrolls of remove curse
 D - a scroll of amnesia {unknown}
 G - 2 scrolls of recharging
Potions
 e - 3 potions of haste
 h - a potion of resistance
 i - a potion of flight
 l - 3 potions of heal wounds
 m - a potion of cure mutation {unknown}
 s - a potion of cancellation {unknown}
 v - a potion of invisibility {unknown}
 B - a potion of curing {unknown}
 C - a potion of ambrosia {unknown}
 F - a potion of brilliance {unknown}
 H - a potion of might
 J - a potion of degeneration {unknown}
Comestibles
 d - a royal jelly
 f - 6 bread rations
 z - 6 fruits
 E - 6 slices of pizza


   Skills:
 + Level 9.5 Fighting
 + Level 13.4 Axes
 + Level 2.4 Throwing
 - Level 3.6 Armour
 + Level 5.8 Dodging
 - Level 3.7 Shields


You had 9 spell levels left.
You didn't know any spells.

Dungeon Overview and Level Annotations

Branches:
Dungeon (8/15)               Lair (0/6) D:8
 Temple: D:4-7

Altars:
Dithmenos
Gozag
Makhleb
Ru
Sif Muna
Trog
Xom
Yredelemnul
Zin


Innate Abilities, Weirdness & Mutations

You reflexively headbutt those who attack you in melee.
You have a pair of horns on your head.


Message History

You kill the orc!
You slice Edmund!!
Edmund is heavily wounded.
You hit Edmund but do no damage. You headbutt Edmund.
Edmund is severely wounded.
Edmund hits you with a dire flail of crushing.
You hit Edmund.
Edmund is severely wounded.
Edmund barely misses you. You furiously retaliate!
You headbutt Edmund!
You kill Edmund!
The shadow imp completely misses you. You furiously retaliate!
You headbutt the shadow imp! The ogre hits you with a giant club!!
* * * LOW HITPOINT WARNING * * *
Items here: ))) [[ †† Your scale mail prevents you from hitting the shadow imp.
Your headbutt misses the shadow imp.
The shadow imp is almost dead.
You slash the ogre! The shadow imp barely misses you.
The ogre hits you with a giant club!!
You die...

....####.[# ..
..........# ..#
.......... ....
....##.# #.... .
......#####..... ...
#.#.$.....)....
.....####O.#...........
......>.@5..>.†........
.....######.)......###.
... ##.....((.... .
#.O...(##...
#..........Z
#.#.#.#.o..o
#.#...#.##. #.#..##.#
#.#.#.


You could see an ogre and a shadow imp.

Vanquished Creatures
  A two-headed ogre (D:8)
  Prince Ribbit (D:5)
  A hippogriff (D:8)
  A human (D:8)
  4 hogs (D:8)
  A hungry ghost (D:7)
  Edmund (D:5)
  Duvessa (D:7)
  2 hell hounds (D:8)
  An ice beast (D:7)
  An orc warrior (D:8)
  A phantom (D:7)
  2 sky beasts
  2 ogres (D:8)
  2 centaurs
  A big kobold (Sewer)
  3 bullfrogs (D:8)
  2 scorpions
  Dowan (D:7)
  4 howler monkeys
  4 wights (D:8)
  3 crimson imps
  2 bullfrog skeletons
  4 hounds
  A jelly (D:8)
  A quasit (D:7)
  4 orc priests
  3 centaur skeletons
  Jessica (D:3)
  An iguana (D:4)
  Ijyb (D:3)
  12 orc wizards
  4 worker ants
  Robin (D:3)
  11 adders
  6 river rats
  A shadow imp (D:8)
  An ooze (Sewer)
  3 adder zombies (D:6)
  3 worms
  3 leopard geckos
  29 orcs
  7 giant cockroaches
  14 goblins
  15 hobgoblins
  7 jackals
  13 kobolds
  5 quokkas
  5 ball pythons
  4 bats
  8 frilled lizards
  18 rats
228 creatures vanquished.

Notes
Turn   | Place    | Note
-------+----------+-------------------------------------------
     0 | D:1      | poirepourri the Minotaur Fighter began the quest for the Orb.
     0 | D:1      | Reached XP level 1. HP: 19/19 MP: 0/0
   103 | D:1      | Reached skill level 3 in Axes
   103 | D:1      | Reached XP level 2. HP: 24/27 MP: 1/1
   661 | D:2      | Reached XP level 3. HP: 33/33 MP: 2/2
   863 | D:2      | Reached skill level 4 in Axes
  1200 | D:3      | Reached XP level 4. HP: 35/41 MP: 3/3
  1219 | D:3      | Noticed Ijyb
  1236 | D:3      | Killed Ijyb
  1236 | D:3      | Reached skill level 1 in Dodging
  1550 | D:3      | Reached skill level 5 in Axes
  1561 | D:3      | Reached XP level 5. HP: 38/47 MP: 4/4
  1586 | D:3      | Noticed Jessica
  1592 | D:3      | Killed Jessica
  1623 | D:3      | Noticed Robin
  1651 | D:3      | Killed Robin
  1698 | D:3      | Reached skill level 5 in Fighting
  1698 | D:3      | Reached skill level 6 in Axes
  2180 | D:4      | Reached XP level 6. HP: 49/56 MP: 5/5
  2462 | D:4      | Found an opulent altar of Gozag.
  2532 | D:4      | Reached skill level 7 in Axes
  2718 | D:4      | Found a basalt altar of Yredelemnul.
  2822 | D:4      | You fall through a shaft for 3 floors!
  2822 | D:7      | Noticed an ice beast
  2831 | D:7      | Killed an ice beast
  2831 | D:7      | Reached skill level 1 in Throwing
  2831 | D:7      | Reached XP level 7. HP: 25/61 MP: 6/6
  3320 | D:7      | Noticed a hungry ghost
  3341 | D:7      | Killed a hungry ghost
  3341 | D:7      | Reached skill level 8 in Axes
  3514 | D:7      | Reached skill level 9 in Axes
  3514 | D:7      | Reached XP level 8. HP: 57/71 MP: 7/7
  3721 | D:7      | Noticed Duvessa
  3722 | D:7      | Noticed Dowan
  3730 | D:7      | Killed Dowan
  3733 | D:7      | Killed Duvessa
  4048 | D:8      | Reached skill level 10 in Axes
  4102 | D:8      | Found a deep blue altar of Sif Muna.
  4102 | D:8      | Found a burning altar of Makhleb.
  4104 | D:8      | Found a glowing silver altar of Zin.
  4104 | D:8      | Found a shimmering altar of Xom.
  4106 | D:8      | Found a bloodstained altar of Trog.
  4106 | D:8      | Found a sacrificial altar of Ru.
  4107 | D:8      | Found a shadowy altar of Dithmenos.
  4451 | D:7      | Reached XP level 9. HP: 81/81 MP: 8/8
  4563 | D:7      | Reached skill level 11 in Axes
  5204 | D:8      | Found a staircase to the Lair.
  5678 | D:8      | Reached skill level 5 in Dodging
  5697 | D:8      | Reached skill level 12 in Axes
  6003 | D:8      | Reached skill level 13 in Axes
  6003 | D:8      | Reached XP level 10. HP: 49/91 MP: 9/9
  6271 | D:6      | Found a glowing drain.
  6447 | Sewer    | Entered a sewer
  7247 | D:5      | Entered Level 5 of the Dungeon
  7247 | D:5      | Noticed Prince Ribbit
  7256 | D:5      | Killed Prince Ribbit
  7269 | D:5      | Noticed Edmund
  7282 | D:5      | Killed Edmund
  7284 | D:5      | Slain by an ogre

Vault maps used:
D:1:      sevenhm_arrival_forest_fort_large_1
D:2:      first_bread
D:3:      uniq_robin, uniq_iyjb, uniq_jessica
D:4:      kennysheep_mini, kennysheep_mini_moat, uniq_eustachio
D:5:      uniq_prince_ribbit1, uniq_edmund, uniq_sigmund
D:6:      portal_sewer_entry_b
D:7:      uniq_duvessa
D:8:      grunt_temple_overflow_open, minmay_lair_entry_lava, grunt_livestock,
          dk_noncrumbling_4
Sewer:    sewer_co_15_rooms

Skill      XL: |  1  2  3  4  5  6  7  8  9 |
---------------+----------------------------+-----
Axes           | 3 4 5 6 7 9 10 13 | 13.4
Fighting       | 4 5 6 7 9 |  9.5
Dodging        | 1 2 4 5 |  5.8
Throwing       | 1 2 |  2.4
Armour         | |  3.6
Shields        | |  3.7

Action                   |  1- 3 |  4- 6 |  7- 9 | 10-12 || total
-------------------------+-------+-------+-------+-------++-------
Melee: War axe           |    91 |   147 |   214 |    83 ||   535
       Headbutt          |    11 |    29 |    51 |    17 ||   108
Throw: Javelin           |       |     8 |     4 |     4 ||    16
  Use: Scroll            |    11 |     3 |       |       ||    14
       Potion            |       |       |     3 |     1 ||     4
  Eat: Bread ration      |     1 |       |     1 |     1 ||     3
       Meat ration       |       |     1 |     1 |       ||     2
       Chunk             |       |       |     1 |       ||     1
       Pizza             |       |       |     3 |       ||     3
       Beef jerky        |       |       |     2 |       ||     2
Armor: Scale mail        |    56 |    50 |    64 |    22 ||   192
Dodge: Dodged            |    46 |    50 |    63 |    28 ||   187
Block: Shield            |    52 |    77 |   117 |    34 ||   280
